 Dungeon Crawl Stone Soup version 0.30-a0-852-g08b95dd62f (webtiles) character file.

Game seed: 7104867341971981718

1492 juan097 the Geomancer (level 8, -2/46 HPs)
             Began as a Gargoyle Earth Elementalist on Mar 4, 2023.
             Was a Follower of Vehumet.
             Slain by Joseph
             ... wielding a +2 quarterstaff of pain
              (9 damage)
             ... on level 7 of the Dungeon.
             The game lasted 00:21:48 (6916 turns).

juan097 the Geomancer (Gargoyle Earth Elementalist) Turns: 6916, Time: 00:21:49

Health: -2/46      AC: 11    Str: 12    XL:     8   Next: 80%
Magic:  2/14       EV: 16    Int: 18    God:    Vehumet [*.....]
Gold:   330        SH:  0    Dex: 10    Spells: 5/15 levels left

rFire   + . .      SeeInvis .    I - +2 rapier (venom)
rCold   . . .      Faith    .    (no shield)
rNeg    + . .      Spirit   .    h - +2 leather armour {rF+}
rPois   ∞          Reflect  .    (no helmet)
rElec   +          Rampage  .    (no cloak)
rCorr   .                        (no gloves)
Will    .....                    c - +0 pair of boots
Stlth   ++                       (no amulet)
HPRegen 0.27/turn                E - +5 ring of evasion
MPRegen 0.14/turn                G - ring of flight

@: about to teleport, flying
A: sickness immunity, AC +5, negative energy resistance 1, electricity
resistance, torment resistance 1, petrification resistance
a: Renounce Religion


You were on level 7 of the Dungeon.
You worshipped Vehumet.
Vehumet was aware of your devotion.
You visited 2 branches of the dungeon, and saw 8 of its levels.

You collected 330 gold pieces.

Inventory:

Hand Weapons
 a - the +3 falchion of Nupt {freeze, Int+3 SInv}
   (You found it on level 4 of the Dungeon)

   Int:       It affects your intelligence (+3).
   SInv:      It lets you see invisible.
 b - a +0 sling
 w - a +0 dagger of venom
 I - a +2 rapier of venom (weapon)
Missiles
 e - 14 poisoned darts
 y - 6 boomerangs
Armour
 c - a +0 pair of boots (worn)
 h - a +2 leather armour of fire resistance (worn)
 q - the +1 robe of Xingo {rC+ Str+5}
   (You found it on level 2 of the Dungeon)

   Str:       It affects your strength (+5).
   rC:        It protects you from cold.
Jewellery
 E - a +5 ring of evasion (left hand)
 G - a ring of flight (right hand)
Wands
 H - a wand of flame (19)
Scrolls
 i - 2 scrolls of blinking {unknown}
 k - 2 scrolls of enchant weapon {unknown}
 l - 3 scrolls of identify
 p - 2 scrolls of fear {unknown}
 r - 2 scrolls of amnesia {unknown}
 t - a scroll of teleportation
 u - 2 scrolls of summoning {unknown}
 x - a scroll of enchant armour {unknown}
 A - a scroll of vulnerability {unknown}
 B - 2 scrolls of fog {unknown}
 D - a scroll of torment {unknown}
Potions
 d - a potion of might {unknown}
 f - a potion of mutation {unknown}
 g - 3 potions of curing {unknown}
 j - a potion of degeneration {unknown}
 m - a potion of magic
 n - 3 potions of lignification {unknown}
 o - a potion of resistance {unknown}
 s - 3 potions of ambrosia {unknown}
 v - 2 potions of cancellation {unknown}
 z - a potion of experience {unknown}
 C - a potion of flight {unknown}
 F - a potion of brilliance {unknown}


   Skills:
 + Level 3.4 Fighting
 - Level 2.0 Short Blades
 + Level 1.4 Armour
 + Level 2.0 Dodging
 + Level 3.6 Stealth
 + Level 4.2 Spellcasting
 + Level 5.3 Conjurations
 + Level 1.4 Transmutations
 + Level 8.2 Earth Magic


You had 5 spell levels left.
You knew the following spells:

 Your Spells              Type           Power      Damage    Failure   Level
a - Sandblast             Erth           66%        2d15      1%          1
b - Stone Arrow           Conj/Erth      56%        3d10      3%          3
c - Passwall              Tmut/Erth      17%        N/A       3%          2
d - Petrify               Tmut/Erth      21%        N/A       26%         4

Your spell library contained the following spells:

 Spells                   Type           Power      Damage    Failure   Level
 Shock                    Conj/Air       52%        1d6       6%          1
 Slow                     Hex            12%        N/A       19%         1
 Mephitic Cloud           Conj/Pois/Air  10%        N/A       26%         3
 Poisonous Vapours        Pois/Air       6%         N/A       28%         2
 Confusing Touch          Hex            3%         N/A       50%         3
 Vampiric Draining        Necr           3%         2d6       50%         3
 Cigotuvi's Dreadful Rot  Necr/Pois/Air  Unusable   N/A       N/A         2

Dungeon Overview and Level Annotations

Branches:
Dungeon (7/15)             Temple (1/1) D:4

Altars:
Ashenzari
Cheibriados
Elyvilon
Gozag
Hepliaklqana
Makhleb
Okawaru
Qazlal
Ru
Trog
Uskayaw
Vehumet
Wu Jian
Yredelemnul
The Shining One

Annotations:
D:3 3 runed translucent doors, Grinder; relicbr's ghost, weakling SpDe
D:6 2 exclusions
D:7 Joseph


Innate Abilities, Weirdness & Mutations

You are immune to sickness and miasma.
Your stone body is resilient. (AC +5)
You are immune to poison.
You resist negative energy. (rN+)
You are resistant to electric shocks. (rElec)
You are resistant to unholy torment.
You are immune to petrification.


Message History

Joseph hits you with a +2 quarterstaff of pain.
Casting: Stone Arrow (dangerous; 2% risk of failure)
Confirm with . or Enter, or press ? or * to list all spells.
Aiming: Stone Arrow (dangerous; 2% risk of failure)
Press: ? - help, Shift-Dir - straight line, f/p - Joseph
Aim: Joseph, wielding a +2 quarterstaff of pain and wearing a +0 leather armour (heavily wounded, 74% to hit)
You miscast Stone Arrow.
You are very lightly contaminated with residual magic.
Nothing appears to happen.
Joseph hits you with a +2 quarterstaff of pain.
You writhe in agony.
Casting: Stone Arrow (dangerous; 2% risk of failure)
Confirm with . or Enter, or press ? or * to list all spells.
You don't have enough magic to cast this spell.
The blast of sand misses Joseph.
Joseph hits you with a +2 quarterstaff of pain!
The +3 falchion of Nupt {freeze, Int+3 SInv} stops glowing.
Your +2 rapier of venom begins to drip with poison!
I - a +2 rapier of venom (weapon)
Joseph tries to grin evilly.
Joseph hits you with a +2 quarterstaff of pain!
You writhe in agony.
You closely miss Joseph.
Joseph is heavily wounded.
Joseph hits you with a +2 quarterstaff of pain.
You completely miss Joseph.
Joseph is heavily wounded.
Joseph closely misses you.
You closely miss Joseph.
Joseph is heavily wounded.
Joseph hits you with a +2 quarterstaff of pain!
* * * LOW HITPOINT WARNING * * *
You writhe in agony.
* * * LOW HITPOINT WARNING * * *
As you read the scroll of teleportation, it crumbles to dust.
You feel strangely unstable. Joseph closely misses you.
Your magical contamination has completely faded away.
Joseph attacks as you move away!
Joseph hits you with a +2 quarterstaff of pain!
You die...

## # #.
#.##.##
....#
#@.#
#.@#
#..#
#..#
#..#
#..#
#..###
#....#
##.#.#
###.#.#


You could see Joseph.

Vanquished Creatures
  A steam dragon (D:7)
  Duvessa (D:6)
  An ice beast (D:5)
  3 ogres
  A centaur (D:6)
  A kobold brigand (D:7)
  A bullfrog (D:7)
  A scorpion (D:5)
  Dowan (D:6)
  A crimson imp (D:6)
  2 jellies
  A gnoll bouda (D:6)
  2 orc priests
  3 iguanas
  3 orc wizards
  4 adders
  8 gnolls
  3 shadow imps
  5 white imps
  2 ufetubi
  A dart slug (D:2)
  15 orcs
  11 ball pythons
  4 bats
  3 endoplasms
  A giant cockroach (D:1)
  7 goblins
  4 hobgoblins
  4 jackals
  3 quokkas
  A frilled lizard (D:1)
  6 kobolds
  2 rats
107 creatures vanquished.

Vanquished Creatures (others)
  A plant (D:1)
1 creature vanquished.

Grand Total: 108 creatures vanquished

Notes
Turn   | Place    | Note
-------+----------+-------------------------------------------
     0 | D:1      | juan097 the Gargoyle Earth Elementalist began the quest for
                  | the Orb.
     0 | D:1      | Reached XP level 1. HP: 10/10 MP: 3/3
   198 | D:1      | Reached skill level 4 in Earth Magic
   198 | D:1      | Reached XP level 2. HP: 11/15 MP: 0/5
   200 | D:1      | Found a faded altar of an unknown god.
   425 | D:1      | Found a glowing golden altar of the Shining One.
   811 | D:1      | Reached XP level 3. HP: 19/19 MP: 1/7
  1044 | D:2      | Identified the +1 robe of Xingo {rC+ Str+5}
  1736 | D:2      | Learned a level 3 spell: Stone Arrow
  1752 | D:3      | Noticed Grinder
  2280 | D:3      | Reached XP level 4. HP: 24/24 MP: 8/8
  2318 | D:3      | Reached skill level 5 in Earth Magic
  2494 | D:3      | Found a runed translucent gate.
  2497 | D:3      | Noticed relicbr's ghost (weakling SpDe)
  2498 | D:3      | Noticed a kobold brigand
  2500 | D:3      | Found a runed translucent gate.
  2500 | D:3      | Found a runed translucent gate.
  2564 | D:4      | Identified the +3 falchion of Nupt {freeze, Int+3 SInv}
  2613 | D:4      | Noticed an ogre
  2805 | D:4      | Reached XP level 5. HP: 28/28 MP: 5/10
  3181 | D:4      | Reached skill level 1 in Conjurations
  3211 | D:4      | Found a staircase to the Ecumenical Temple.
  3219 | Temple   | Entered the Ecumenical Temple
  3382 | Temple   | Became a worshipper of Vehumet
  3432 | D:4      | Found an ornate altar of the Wu Jian Council.
  3636 | D:5      | Entered Level 5 of the Dungeon
  3818 | D:5      | Noticed an ogre
  3818 | D:5      | Noticed an ice beast
  4074 | D:5      | Killed an ice beast
  4075 | D:5      | Reached XP level 6. HP: 32/32 MP: 6/11
  4302 | D:5      | Reached skill level 6 in Earth Magic
  4305 | D:5      | Learned a level 2 spell: Passwall
  4359 | D:5      | Reached skill level 1 in Fighting
  4359 | D:5      | Reached skill level 1 in Short Blades
  4359 | D:5      | Reached XP level 7. HP: 38/38 MP: 5/13
  5507 | D:6      | Reached skill level 7 in Earth Magic
  5510 | D:6      | Reached XP level 8. HP: 19/45 MP: 1/14
  5665 | D:6      | Reached * piety under Vehumet
  5665 | D:6      | Offered knowledge of Shock by Vehumet.
  5802 | D:6      | Noticed Dowan
  5809 | D:6      | Killed Dowan
  5810 | D:6      | Noticed Duvessa
  5898 | D:7      | Noticed Joseph
  5935 | D:6      | Killed Duvessa
  5936 | D:6      | Reached skill level 5 in Conjurations
  6119 | D:6      | Reached skill level 8 in Earth Magic
  6124 | D:6      | Learned a level 4 spell: Petrify
  6416 | D:6      | Reached skill level 1 in Transmutations
  6729 | D:7      | Reached skill level 1 in Armour
  6916 | D:7      | Slain by Joseph

Illustrated notes

Levels and vault maps discovered:
D:1:      dpeg_arrival_brainrot, layout_rooms, serial_aquarium,
          aquarium_bridge_straight [aquarium_subvault_bridge,
          aquarium_subvault_window, aquarium_subvault_bridge,
          aquarium_subvault_wall], aquarium_bridge_straight
          [aquarium_subvault_bridge, aquarium_subvault_window,
          aquarium_subvault_bridge, aquarium_subvault_wall],
          aquarium_window_fake, aquarium_window_fake, aquarium_window_2,
          aquarium_view_2c, aquarium_view_2c, aquarium_balcony_3a,
          shapermc_ecumenical_altar_mp_ritualfount, minmay_hexomino_r4
D:2:      layout_basic, reono_crystal_passage
D:3:      layout_rooms, gammafunk_ghost_nasty_kobolds, minivault_27,
          hangedman_decor_points, uniq_grinder
D:4:      layout_loops_cross, nzn_wu_jian_council_hall,
          minmay_temple_entry_fiery
D:5:      layout_loops_ring, chequers_serial_rivers_room_b
D:6:      layout_rooms, nrook_mini_backslash, minmay_fire_ice_demons,
          uniq_duvessa
D:7:      layout_loops_ring, minmay_diced_spiral, uniq_joseph
Temple:   hellmonk_temple_forest_ring

Skill      XL: |  1  2  3  4  5  6  7  8 |
---------------+-------------------------+-----
Earth Magic    | 4 5 6 7 8 |  8.2
Spellcasting   | 3 4 |  4.2
Stealth        | 3 |  3.6
Conjurations   | 2 3 4 5 |  5.3
Fighting       | 1 2 3 |  3.4
Short Blades   | 1 2 |  2.0
Transmutations | 1 |  1.4
Armour         | 1 |  1.4
Dodging        | 2 |  2.0

Action                     |  1- 3 |  4- 6 |  7- 9 || total
---------------------------+-------+-------+-------++-------
  Melee: Unarmed           |     2 |       |       ||     2
         Dagger            |     5 |     5 |     4 ||    14
         Falchion          |       |     1 |     2 ||     3
         Rapier            |       |       |     3 ||     3
   Fire: Sling             |    15 |     6 |       ||    21
  Throw: Dart              |       |     1 |     4 ||     5
   Cast: Sandblast         |    44 |    52 |    55 ||   151
         Stone Arrow       |       |     4 |    29 ||    33
    Use: Scroll            |       |       |     3 ||     3
   Stab: Sleeping          |     4 |     1 |     3 ||     8
 Armour: Robe              |     7 |     8 |     8 ||    23
  Dodge: Dodged            |    19 |    14 |    35 ||    68

Table legend: (Time is in decaauts)
 A = Elapsed time spent in this place.
 B = Non-inter-level travel time spent in this place.
 C = Inter-level travel time spent in this place.
 D = Time resting spent in this place.
 E = Time spent auto-exploring this place.
 F = Levels seen in this place.
 G = Mean time per level.
                   A        B        C        D        E       F      G
               +--------+--------+--------+--------+--------+-----+--------+
         Total |   6988 |   6532 |    456 |    182 |   5097 |   8 |  873.5 |
       Dungeon |   6809 |   6383 |    426 |    182 |   4961 |   7 |  972.7 |
        Temple |    178 |    148 |     30 |      0 |    136 |   1 |  178.0 |
               +--------+--------+--------+--------+--------+-----+--------+

Top non-repeatable levels by time:
     D:4: 1417 daAuts
     D:6: 1298 daAuts
     D:1: 1057 daAuts
     D:5: 1027 daAuts
     D:2: 849 daAuts
     D:3: 837 daAuts
     D:7: 320 daAuts
  Temple: 178 daAuts
